 Dungeon Crawl Stone Soup version 0.14.0-18-g0341e45 (webtiles) character file.

2381 Maka the Carver (level 9, 0/76 HPs)
             Began as a Deep Dwarf Fighter on Apr 20, 2014.
             Was an Elder of Makhleb.
             Slain by an orc warrior
             ... wielding a cursed -3,-1 dire flail
              (12 damage)
             ... on Level 7 of the Dungeon.
             The game lasted 00:19:55 (4530 turns).

Maka the Carver (Deep Dwarf Fighter)                Turns: 4530, Time: 00:19:55

HP   0/76        AC 18     Str 19      XL: 9   Next:  7%
MP  11/11        EV  5     Int 10      God: Makhleb [****..]
Gold 271         SH  9     Dex 15      Spells:  0 memorised,  8 levels left

rFire  . . .     SeeInvis .     a - +1,+0 long sword
rCold  . . .     Clarity  .     e - +0 plate armour
rNeg   + + .     Conserve .     r - -1 buckler
rPois  .         rCorr    .     x - +0 helmet
rElec  .         rRot     .     k - +0 cloak
SustAb . .       Spirit   .     v - +2 pair of gloves
rMut   .         Warding  .     (no boots)
Saprov . . .     Stasis   .     (no amulet)
MR     +....                    h - ring of positive energy
                                p - ring of positive energy

@: non-regenerating, somewhat resistant to hostile enchantments, extremely
unstealthy
A: damage resistance, recharge devices, sense surroundings 2, slow healing 3
a: Device Recharging, Minor Destruction, Lesser Servant of Makhleb, Major
Destruction, Renounce Religion


You were on level 7 of the Dungeon.
You worshipped Makhleb.
Makhleb was greatly pleased with you.
You were not hungry.

You visited 2 branches of the dungeon, and saw 8 of its levels.
You also visited: Sewer.

You collected 271 gold pieces.

Inventory:

Hand weapons
 a - a +1,+0 long sword (weapon)
 b - a +0,-3 falchion
Missiles
 i - a sling bullet
 w - 3 tomahawks (quivered)
Armour
 c - a +0 shield
 e - a +0 plate armour (worn)
 k - a +0 cloak (worn)
 r - a -1 buckler (worn)
 v - a +2 pair of gloves (worn)
 x - a +0 helmet (worn)
Magical devices
 d - a wand of heal wounds (3)
Comestibles
 f - 6 bread rations
 j - 2 meat rations
 l - a honeycomb
 m - 9 strawberries
 A - a royal jelly
Scrolls
 s - a scroll of fear
 y - a scroll of enchant weapon I
Jewellery
 h - a ring of positive energy (right hand)
 p - a ring of positive energy (left hand)
 q - an uncursed ring of fire
 D - an uncursed ring of flight
Potions
 g - 3 potions of curing
 n - 3 potions of restore abilities
 o - a potion of agility {unknown}
 t - a potion of brilliance {unknown}
 u - a potion of poison {unknown}
 z - a potion of mutation {unknown}
 B - a potion of heal wounds
 C - a potion of haste {unknown}


   Skills:
 - Level 3.2 Fighting
 + Level 10.5 Long Blades
 - Level 6.0 Armour
 - Level 4.1 Shields
 - Level 2.5 Invocations


You had 8 spell levels left.
You didn't know any spells.

Dungeon Overview and Level Annotations

Branches:
Dungeon (7/15)             Temple (1/1) D:4

Altars:
Ashenzari
Kikubaaqudgha
Makhleb
Nemelex Xobeh
Sif Muna
Vehumet
Yredelemnul

Shops:
D:5 [


Innate Abilities, Weirdness & Mutations

You are resistant to damage.
You can recharge devices by infusing magical energy.
You passively map the area around you.
You do not heal naturally.


Message History

The orc warrior is heavily wounded.
The orc warrior hits you with a dire flail!
* * * LOW HITPOINT WARNING * * *
You hit the orc warrior but do no damage.
The orc warrior is heavily wounded.
You hit the orc warrior.
The orc warrior is severely wounded.
You block the orc warrior's attack.
You hit the orc warrior.
The orc warrior is severely wounded.
The orc warrior hits you with a dire flail.
* * * LOW HITPOINT WARNING * * *
You completely miss the orc warrior.
The orc warrior is severely wounded.
The orc warrior hits you with a dire flail.
* * * LOW HITPOINT WARNING * * *
You hit the orc warrior.
The orc warrior is almost dead.
The orc warrior hits you with a dire flail!
You die...

##############################
..........ooo@................
**#.......#####...............
* ,#.......# #............###
,*, #.......# #.H...#####..# ,
,+.......# #.....# #..#
,#.......#####.....# #..# ,
,#.................# #..### ,
,#.................# #..<..
.#####.................#
#.....


You could see an orc warrior, an orc wizard and an orc.

Vanquished Creatures
  A hippogriff (D:7)
  2 sky beasts
  3 ogres
  An ice beast (D:6)
  A black bear (D:6)
  An orc warrior (D:6)
  2 centaurs (D:5)
  A big kobold (Sewer)
  2 giant frogs
  A scorpion (D:6)
  2 crimson imps
  A giant frog zombie (D:5)
  A big fish (Sewer)
  2 iguanas
  5 orc wizards
  3 hounds
  A giant frog skeleton (D:5)
  3 jellies (D:6)
  3 worker ants
  3 gnolls (D:2)
  2 green rats (Sewer)
  5 adders
  2 shadow imps
  A giant mite (D:5)
  4 worms
  2 giant eyeballs (D:5)
  7 giant geckos
  7 orcs
  A ball python (D:3)
  A bat skeleton (D:5)
  4 giant cockroaches
  6 goblins
  10 hobgoblins
  7 jackals
  16 kobolds
  A quokka (D:3)
  12 bats
  6 giant newts
  A goblin zombie (D:5)
  17 rats
151 creatures vanquished.

Notes
Turn   | Place    | Note
--------------------------------------------------------------
     0 | D:1      | Maka, the Deep Dwarf Fighter, began the quest for the Orb.
     0 | D:1      | Reached XP level 1. HP: 20/20 MP: 1/1
   128 | D:1      | Reached XP level 2. HP: 25/27 MP: 2/2
   589 | D:2      | Reached XP level 3. HP: 29/33 MP: 3/3
   650 | D:2      | Reached skill level 4 in Long Blades
   722 | D:2      | Reached XP level 4. HP: 21/40 MP: 4/4
  1610 | D:3      | Reached skill level 5 in Long Blades
  1837 | D:4      | Reached XP level 5. HP: 9/46 MP: 5/5
  1929 | D:4      | Found a staircase to the Ecumenical Temple.
  1935 | Temple   | Entered the Ecumenical Temple
  1956 | Temple   | Became a worshipper of Makhleb the Destroyer
  2365 | D:4      | Noticed an ogre
  2384 | D:4      | Killed an ogre
  2384 | D:4      | Reached XP level 6. HP: 15/55 MP: 6/6
  2429 | D:5      | Entered Level 5 of the Dungeon
  2433 | D:5      | Found Ghyl's Armour Boutique.
  2474 | D:5      | Reached skill level 5 in Armour
  2508 | D:5      | HP: 2/56 [iguana (10)]
  2526 | D:5      | Acquired Makhleb's first power
  2556 | D:4      | Reached skill level 6 in Long Blades
  2565 | D:5      | Paralysed by a giant eyeball for 2 turns
  2602 | D:5      | Reached XP level 7. HP: 19/62 MP: 6/6
  2621 | D:5      | Found a radiant altar of Vehumet.
  2831 | D:5      | Reached skill level 7 in Long Blades
  2900 | D:5      | Found a glowing drain.
  2908 | Sewer    | Entered a sewer
  2921 | Sewer    | Acquired Makhleb's second power
  3027 | Sewer    | Found a white marble altar of Elyvilon.
  3137 | D:5      | Paralysed by a giant eyeball for 2 turns
  3141 | D:5      | Paralysed by a giant eyeball for 3 turns
  3262 | D:5      | Reached skill level 8 in Long Blades
  3559 | D:6      | Reached XP level 8. HP: 17/69 MP: 7/7
  3744 | D:6      | Acquired Makhleb's third power
  3818 | D:6      | Reached skill level 9 in Long Blades
  4320 | D:7      | Reached skill level 10 in Long Blades
  4432 | D:7      | Acquired Makhleb's fourth power
  4480 | D:7      | Gained mutation: You passively map the area around you. [level up]
  4480 | D:7      | Reached XP level 9. HP: 31/76 MP: 11/11
  4530 | D:7      | Slain by an orc warrior

Action                   |  1- 3 |  4- 6 |  7- 9 || total
-------------------------+-------+-------+-------++-------
Melee: Long sword        |   117 |   192 |   476 ||   785
       Falchion          |       |       |    24 ||    24
Throw: Tomahawk          |       |       |     1 ||     1
Invok: Minor Destruction |       |       |     1 ||     1
 Abil: Device Recharging |       |     1 |       ||     1
Evoke: Wand              |       |     4 |     2 ||     6
  Use: Scroll            |       |     6 |    12 ||    18
       Potion            |       |       |     4 ||     4
 Stab: Distracted        |       |     1 |       ||     1
